[Event "Early-Titled-Tuesday-Blitz-December-26-2023"]
[Site "Chess.com"]
[Date "2023.12.26"]
[Round "7"]
[White "Abduzhaparov"]
[Black "PawnEatingZombie"]
[Result "1/2-1/2"]
[WhiteElo "2394"]
[BlackElo "2157"]
[TimeControl "180+1"]
[EndTime "9:16:48 PST"]
[Termination "Game drawn - insufficient material"]

1. Nf3 e6 2. c4 b6 3. g3 Bb7 4. Bg2 c5 5. O-O Nf6 6. Nc3 Be7 7. d4 cxd4 8. Qxd4 a6 9. Rd1 d6 10. Bg5 Nbd7 11. Qd2 Qc7 12. Rac1 Rc8 13. Bf4 Ne5 14. Nxe5 Bxg2 15. Nxf7 Kxf7 16. Kxg2 Qxc4 17. f3 Rhd8 18. b3 Qb4 19. Ne4 Qxd2 20. Ng5+ Ke8 21. Bxd2 Rxc1 22. Rxc1 Kd7 23. e4 h6 24. Nh3 Rc8 25. Rxc8 Kxc8 26. Nf4 Kd7 27. g4 Ne8 28. Bc3 Bf6 29.
Bxf6 Nxf6 30. h4 Ke7 31. Kg3 Nd7 32. g5 hxg5 33. hxg5 Ne5 34. Nh5 Kf7 35. f4 Nd3 36. f5 exf5 37. exf5 Nc1 38. g6+ Kf8 39. Kf4 Nxa2 40.
Kg5 Nc3 41. Nxg7 Kxg7 42. f6+ Kg8 43. Kf5 Nd5 44. f7+ Kg7 45. Ke6 Nf4+ 46. Kxd6 Nxg6 47. Kc6 Kxf7 48. Kxb6 Ke6 49. Kxa6 Kd6 50. b4 Kc7 51.
Ka7 Ne7 52. b5 Nd5 53. Ka6 Kb8 54. b6 Nxb6 1/2-1/2

[Event "Early-Titled-Tuesday-Blitz-December-26-2023"]
[Site "Chess.com"]
[Date "2023.12.26"]
[Round "7"]
[White "Zavgorodniy_Sergiy"]
[Black "PedroGil25"]
[Result "1-0"]
[WhiteElo "2628"]
[BlackElo "2399"]
[TimeControl "180+1"]
[EndTime "9:16:50 PST"]
[Termination "Zavgorodniy_Sergiy won by resignation"]

1. d4 Nf6 2. c4 e6 3. Nf3 Bb4+ 4. Nbd2 O-O 5. g3 b6 6. Bg2 Bb7 7. O-O Bxd2 8. Qxd2 d6 9. b3 Nbd7 10. Bb2 Qe7 11.
Rac1 Ne4 12. Qc2 f5 13. d5 Ndc5 14. b4 Nd7 15. dxe6 Qxe6 16. Nd4 Qe7 17. a3 a5 18.
e3 axb4 19. axb4 c5 20. bxc5 bxc5 21. Nb5 Nb6 22. Rfd1 Ra4 23. Qd3 Rd8 24. Ba1 Bc6 25. Nc3 Rxc4 26. Nxe4 Bxe4 27. Bxe4 fxe4 28. Qb3 d5 29.
Qxb6 Rxc1 30. Rxc1 c4 31. Qd4 Rf8 32. Bc3 Qf7 33.
Rf1 h5 34. f4 exf3 35. Rxf3 Qg6 36. Qxd5+ 1-0

[Event "Early-Titled-Tuesday-Blitz-December-26-2023"]
[Site "Chess.com"]
[Date "2023.12.26"]
[Round "7"]
[White "Gyulamiryan-koryun"]
[Black "AndresDelgado77"]
[Result "1-0"]
[WhiteElo "2023"]
[BlackElo "2308"]
[TimeControl "180+1"]
[EndTime "9:16:51 PST"]
[Termination "Gyulamiryan-koryun won on time"]

1. e4 e6 2. d4 d5 3. Nd2 Nc6 4. Ne2 Nf6 5. e5 Nd7 6. c3 Be7 7. Ng3 O-O 8. Bd3 f6 9. exf6 Bxf6 10. O-O e5 11. Qh5 h6 12. Qg6 e4 13. Ngxe4 dxe4 14. Bxe4 Re8 15. Qh7+ Kf8 16. Bg6 Re2 17. d5 Nce5 18. Ne4 Nxg6 19. Qxg6 Ne5 20. Qh7 Rxe4 21. Qxe4 Bd7 22. Bf4 Nf7 23. Rfe1 Be8 24. Qb4+ Kg8 25. Qxb7 Nd6 26. Qb4 Rb8 27. Qc5 Rxb2 28. Bxd6 cxd6 29. Qa3 Rb7 30. Rac1 Bf7 31. Qa4 Qb6 32. Qc6 Qxc6 33.
dxc6 Rc7 34. Re4 Rxc6 35. Ra4 a6 36. h3 1-0

[Event "Early-Titled-Tuesday-Blitz-December-26-2023"]
[Site "Chess.com"]
[Date "2023.12.26"]
[Round "7"]
[White "jeetjain"]
[Black "DeyanKostov"]
[Result "1-0"]
[WhiteElo "2582"]
[BlackElo "2484"]
[TimeControl "180+1"]
[EndTime "9:16:54 PST"]
[Termination "jeetjain won by resignation"]

1. Nf3 d5 2. g3 Bg4 3. Bg2 c6 4.
O-O Nd7 5. d3 e6 6. Nbd2 Bd6 7.
c4 Ne7 8. b3 O-O 9. Bb2 f6 10.
a3 Qc7 11. Qc2 Rae8 12. e4 Qb8 13. b4 Bh5 14. Rfe1 Bf7 15. Rac1 e5 16. d4 exd4 17.
Nxd4 dxe4 18. Nxe4 Be5 19. f4 Bc7 20. Bh3 Nb6 21. Ne6 Bxe6 22. Bxe6+ Kh8 23. c5 Nbd5 24.
Rcd1 a5 25. b5 Ng6 26. Bd7 Bxf4 27. gxf4 Qxf4 28. Bxe8 Rxe8 29. bxc6 bxc6 30. Ng3 Rb8 31. Bd4 Nh4 32. Qf2 Qg4 33. Rd3 Nf4 34. Rde3 Nh3+ 35. Kf1 Qg6 36. Qc2 f5 37. Re6 Qf7 38. Re7 1-0

[Event "Early-Titled-Tuesday-Blitz-December-26-2023"]
[Site "Chess.com"]
[Date "2023.12.26"]
[Round "7"]
[White "jacky72"]
[Black "Devil_Sun"]
[Result "1-0"]
[WhiteElo "2814"]
[BlackElo "2605"]
[TimeControl "180+1"]
[EndTime "9:16:55 PST"]
[Termination "jacky72 won by checkmate"]

1. Nc3 d5 2. d4 Nf6 3. Bf4 g6 4. h4 h5 5. e3 Bg7 6. Nf3 O-O 7. Be2 c5 8. Ne5 cxd4 9. exd4 Nc6 10. O-O Bf5 11.
Nxc6 bxc6 12. Be5 Nd7 13. Bxg7 Kxg7 14. Bd3 e6 15. Bxf5 exf5 16. g3 Rb8 17. Rb1 Nb6 18. Ne2 Nc4 19. b3 Nd6 20. Nf4 Ne4 21. Qd3 Qa5 22.
Rfe1 Rfe8 23. Kg2 Nc3 24. Qd2 Qb4 25. Rxe8 Rxe8 26. a3 Qa5 27. Re1 Re4 28. f3 Rxe1 29. Qxe1 c5 30. Qe5+ Kh7 31. Qe7 Kg8 32. Qxc5 Nb5 33.
b4 Qa4 34. Nxd5 a6 35. Nf6+ Kg7 36. Ne8+ Kg8 37. Kh3 Qxa3 38. Qe5 Qxf3 39. Qg7# 1-0

[Event "Early-Titled-Tuesday-Blitz-December-26-2023"]
[Site "Chess.com"]
[Date "2023.12.26"]
[Round "7"]
[White "CSB7"]
[Black "Statham_l3"]
[Result "0-1"]
[WhiteElo "2670"]
[BlackElo "2577"]
[TimeControl "180+1"]
[EndTime "9:16:57 PST"]
[Termination "Statham_l3 won by checkmate"]

1. d4 e6 2. Nc3 Nf6 3. Bf4 Bb4 4. Qd3 d5 5. a3 Bd6 6. e3 O-O 7.
Nf3 b6 8. Qd2 Bxf4 9. exf4 Ne4 10. Nxe4 dxe4 11. Ne5 f6 12. Nc4 Nc6 13. O-O-O Bb7 14. Ne3 Ne7 15. Bc4 Nd5 16. f5 exf5 17.
Nxf5 Qd7 18. Qf4 Kh8 19. Bxd5 Qxd5 20. Ne3 Qa2 21. c3 c5 22. d5 f5 23. d6 Bc6 24.
d7 Qa1+ 25. Kd2 Qxb2+ 26. Ke1 Rad8 27. Qc7 Bb5 28. f4 Qe2# 0-1

[Event "Early-Titled-Tuesday-Blitz-December-26-2023"]
[Site "Chess.com"]
[Date "2023.12.26"]
[Round "7"]
[White "prime-morty"]
[Black "AljoschaFeuerstack"]
[Result "1-0"]
[WhiteElo "2534"]
[BlackElo "2668"]
[TimeControl "180+1"]
[EndTime "9:16:57 PST"]
[Termination "prime-morty won by checkmate"]

1. c4 c6 2. Nc3 d5 3. e3 g6 4. Nf3 Bg7 5. d4 Nf6 6. Be2 O-O 7.
O-O a6 8. Ne5 b5 9. cxd5 cxd5 10. f4 b4 11. Na4 Ne4 12. Bd2 a5 13. Rc1 Ba6 14. Bxa6 Rxa6 15. Nc5 Nxc5 16. Rxc5 Qd6 17.
Qc2 f6 18. Nd3 Rc6 19. Rc1 Rfc8 20. Qb3 Rxc5 21. Rxc5 Rxc5 22. Nxc5 e5 23. Nb7 Qe6 24. Nxa5 exd4 25. Qxb4 Na6 26. Qxd4 f5 27. Qd3 Bxb2 28. Nb3 Bf6 29. Nd4 Qb6 30. Nb5 Qc6 31. Nc3 Nc7 32. h3 Qc5 33. Kh2 d4 34. exd4 Bxd4 35. Ne2 Bf6 36.
Bc3 Be7 37. Qd7 Nd5 38. Qe8+ Bf8 39. Qe6# 1-0

[Event "Early-Titled-Tuesday-Blitz-December-26-2023"]
[Site "Chess.com"]
[Date "2023.12.26"]
[Round "7"]
[White "Manukyan_Artak"]
[Black "SergioMoralesG"]
[Result "1-0"]
[WhiteElo "2605"]
[BlackElo "2391"]
[TimeControl "180+1"]
[EndTime "9:16:58 PST"]
[Termination "Manukyan_Artak won on time"]

1. e4 c5 2. Nf3 e6 3. c3 Nf6 4.
e5 Nd5 5. d4 cxd4 6. cxd4 d6 7.
Nc3 Nxc3 8. bxc3 dxe5 9. Nxe5 Be7 10. Bd3 O-O 11. Qh5 f5 12. O-O Nd7 13. Bf4 Nxe5 14. Bxe5 Bf6 15. Rae1 Bd7 16. Bxf6 Qxf6 17. Re5 Rac8 18.
c4 Rfd8 19. Rfe1 Be8 20. Qf3 Bc6 21. Qe3 Qh4 22. f4 Qg4 23. d5 exd5 24. Bxf5 Qh4 25. Be6+ Kh8 26. Bxc8 h6 27. g3 Qf6 28. Bf5 d4 29. Re8+ Rxe8 30. Qxe8+ 1-0

[Event "Early-Titled-Tuesday-Blitz-December-26-2023"]
[Site "Chess.com"]
[Date "2023.12.26"]
[Round "7"]
[White "Elsa167"]
[Black "Druid24"]
[Result "1-0"]
[WhiteElo "2978"]
[BlackElo "2693"]
[TimeControl "180+1"]
[EndTime "9:16:59 PST"]
[Termination "Elsa167 won by resignation"]

1. e4 c5 2. Nf3 e6 3. d4 cxd4 4. Nxd4 Nc6 5. Nc3 Nf6 6. Ndb5 d6 7. Bf4 e5 8. Bg5 a6 9. Na3 b5 10. Nd5 Be7 11. Bxf6 Bxf6 12. c3 O-O 13. Nc2 Bg5 14.
h4 Bh6 15. g3 Ne7 16. Ncb4 Be6 17. a4 bxa4 18. Rxa4 a5 19. Nxe7+ Qxe7 20. Nd5 Qb7 21.
Ra2 Rfb8 22. Bc4 Kh8 23. O-O Qc6 24. Qd3 Qc5 25. Rfa1 Rc8 26. b3 Bd7 27. Ne7 Re8 28. b4 axb4 29. Rxa8 g6 30. Rxe8+ Bxe8 31. Ra8 Kg7 32.
Rxe8 bxc3 33. Rg8+ Kf6 34. Nd5+ Ke6 35. Nxc3+ Ke7 36.
Nd5+ Ke6 37. Re8+ Kd7 38. Bb5+ 1-0

[Event "Early-Titled-Tuesday-Blitz-December-26-2023"]
[Site "Chess.com"]
[Date "2023.12.26"]
[Round "7"]
[White "Pumpkin_in_moonlight"]
[Black "The_Straightforward_Rook"]
[Result "1-0"]
[WhiteElo "2327"]
[BlackElo "2497"]
[TimeControl "180+1"]
[EndTime "9:16:59 PST"]
[Termination "Pumpkin_in_moonlight won by resignation"]

1. e4 c6 2. Nc3 d5 3. Nf3 dxe4 4. Nxe4 Nf6 5. Qe2 Nxe4 6. Qxe4 Nd7 7. Bc4 Nf6 8. Qe2 e6 9. d4 Bd6 10. O-O Qc7 11.
c3 c5 12. Bg5 a6 13. d5 b5 14. Bxf6 gxf6 15. Bb3 c4 16. Bc2 Rg8 17. Rfe1 Bb7 18. dxe6 O-O-O 19. exf7 Qxf7 20. Be4 Rde8 21. Bxb7+ Kxb7 22. Qd2 Qc7 23. Qd5+ Kb8 24. h3 Rd8 25. Qf5 Qg7 26. Nh4 Bc7 27. Rad1 Qg5 28. Qxg5 fxg5 29. Nf5 g4 30. hxg4 Rxd1 31. Rxd1 Rxg4 32. g3 Re4 33. Rd2 h5 34. Kg2 Re5 35. Nd4 Bb6 36.
Nc6+ 1-0

[Event "Early-Titled-Tuesday-Blitz-December-26-2023"]
[Site "Chess.com"]
[Date "2023.12.26"]
[Round "7"]
[White "slidingknight2775"]
[Black "PeshkaCh"]
[Result "0-1"]
[WhiteElo "2691"]
[BlackElo "2843"]
[TimeControl "180+1"]
[EndTime "9:17:01 PST"]
[Termination "PeshkaCh won by resignation"]

1. Nf3 Nf6 2. g3 g6 3. Bg2 Bg7 4. O-O O-O 5. c4 c5 6. d4 cxd4 7. Nxd4 Nc6 8. Nc3 Qa5 9. Nb3 Qh5 10. Nd5 Nxd5 11. cxd5 Ne5 12. Bd2 d6 13. Bc3 Bh3 14. f3 Bxg2 15. Kxg2 Nc4 16. Qc1 Qxd5 17. Bxg7 Kxg7 18.
Qc3+ Ne5 19. Rfd1 Qc4 20. Rac1 Qxe2+ 21. Kh1 Rac8 22. Qd4 Qxf3+ 23. Kg1 Qf6 24. Kg2 Qf3+ 25. Kg1 Qe2 26. Rxc8 Rxc8 27. Nc1 Qg4 28. Qxg4 Nxg4 29.
Ne2 Rc2 30. Nf4 Rxb2 31. Rc1 Nxh2 32. Rc7 Nf3+ 33. Kf1 Nd4 34. Rxe7 Nf5 35. Rd7 Nxg3+ 36. Ke1 h5 37. Rxd6 h4 38. Rd7 Rb1+ 39. Kd2 Rb4 40. Ne6+ Kf6 41. Nc7 Nf5 42. Rd3 Rd4 43. Nd5+ Ke5 0-1

[Event "Early-Titled-Tuesday-Blitz-December-26-2023"]
[Site "Chess.com"]
[Date "2023.12.26"]
[Round "7"]
[White "sheldons73tshirt"]
[Black "Lion-Al-Messi"]
[Result "1-0"]
[WhiteElo "2561"]
[BlackElo "2605"]
[TimeControl "180+1"]
[EndTime "9:17:04 PST"]
[Termination "sheldons73tshirt won by resignation"]

1. e4 e6 2. d4 d5 3. e5 c5 4.
c3 Nc6 5. Nf3 Qb6 6. Na3 cxd4 7.
cxd4 Bxa3 8. bxa3 Qa5+ 9. Bd2 Qxa3 10. Qb1 Nh6 11. Bd3 Nf5 12. O-O Qe7 13. Qb2 O-O 14.
Rfc1 h6 15. Rc2 Nh4 16. Nxh4 Qxh4 17. Be3 Qd8 18. Rac1 Qb6 19. Qc3 Bd7 20. Rb2 Qc7 21. Bb1 f5 22. exf6 Rxf6 23. Qd3 Rf5 24. g4 Rf6 25.
Qh7+ Kf7 26. g5 hxg5 27. Bxg5 Qd8 28. Rxb7 Rb8 29. Bxf6 Kxf6 30. Qg6+ Ke7 31. Qxg7+ Kd6 32. Qg3+ Ke7 33. Rxb8 Nxb8 34. Qg5+ Ke8 35. Bg6+ Kf8 36. Qxd8+ 1-0

[Event "Early-Titled-Tuesday-Blitz-December-26-2023"]
[Site "Chess.com"]
[Date "2023.12.26"]
[Round "7"]
[White "Bala-Afiada"]
[Black "Azalea95"]
[Result "0-1"]
[WhiteElo "2029"]
[BlackElo "2338"]
[TimeControl "180+1"]
[EndTime "9:17:05 PST"]
[Termination "Azalea95 won on time"]

1. d4 Nf6 2. c4 e6 3. g3 d5 4. Nf3 Bb4+ 5. Bd2 Be7 6. Bg2 O-O 7. O-O c6 8. Qc2 Nbd7 9. Rd1 b6 10. Bf4 Ba6 11. b3 Rc8 12. Nbd2 h6 13. e4 dxe4 14. Nxe4 c5 15. dxc5 Nxe4 16. Qxe4 Nxc5 17. Qe2 Qe8 18. Ne5 Bf6 19. Rac1 Bb7 20. Rc2 Bxg2 21. Kxg2 Qe7 22. Rcd2 Rfd8 23. Rxd8+ Rxd8 24. Nc6 Qb7 25. Rxd8+ Bxd8 26. Qf3 Bf6 27. Be5 Nd3 28. Qe4 Nxe5 0-1

[Event "Early-Titled-Tuesday-Blitz-December-26-2023"]
[Site "Chess.com"]
[Date "2023.12.26"]
[Round "7"]
[White "chito89"]
[Black "biostatistician"]
[Result "0-1"]
[WhiteElo "2828"]
[BlackElo "2630"]
[TimeControl "180+1"]
[EndTime "9:17:06 PST"]
[Termination "biostatistician won by resignation"]

1. Nf3 Nf6 2. e3 b6 3. c4 Bb7 4. Nc3 g6 5. d4 Bg7 6. Bd3 O-O 7.
O-O d5 8. b3 c5 9. Bb2 cxd4 10. Nxd4 e5 11. Nc2 Nc6 12. cxd5 Nxd5 13. Nxd5 Qxd5 14. Bc4 Qxd1 15. Rfxd1 Rfd8 16. Bd5 Rac8 17. Nb4 Nxb4 18. Bxb7 Rb8 19. Be4 f5 20. a3 fxe4 21.
axb4 Rd3 22. Rxd3 exd3 23. Kf1 Rc8 24. Rc1 Rxc1+ 25. Bxc1 e4 26. b5 Bc3 27. Ba3 Kf7 28. Bd6 Ke6 29. Bb8 Kd5 30. f3 exf3 31. gxf3 Kc5 32. e4 Kb4 33. Bxa7 Kxb3 34. Bxb6 d2 0-1

[Event "Early-Titled-Tuesday-Blitz-December-26-2023"]
[Site "Chess.com"]
[Date "2023.12.26"]
[Round "7"]
[White "MightyGMpretender"]
[Black "ilushka"]
[Result "1-0"]
[WhiteElo "2739"]
[BlackElo "2479"]
[TimeControl "180+1"]
[EndTime "9:17:07 PST"]
[Termination "MightyGMpretender won on time"]

1. Nf3 c5 2. g3 g6 3. Bg2 Bg7 4. O-O Nc6 5. c4 d6 6. e3 e6 7. d4 Nge7 8. Nc3 O-O 9. Qd2 Nf5 10. d5 Na5 11. b3 exd5 12. cxd5 b5 13. Bb2 b4 14.
Ne4 Re8 15. Bxg7 Kxg7 16. Qb2+ f6 17. Nfd2 Ba6 18. Rfc1 Rb8 19. g4 Nh4 20. g5 Nxg2 21. Nxf6 Re5 22. Nf3 Rxg5 23. Nh5+ Kh6 24. Ng3 Nxe3 25. Nxg5 Qxg5 26. fxe3 Qxe3+ 27. Qf2 Qxf2+ 28. Kxf2 Bb7 29. Ne4 Rd8 30. Rd1 Ba6 31. h4 Nb7 32. Ng5 Rf8+ 33. Ke3 Rf5 34. a3 Re5+ 35. Kf4 Be2 36.
Rd2 Bh5 37. Nf7+ Kg7 38. Nxe5 dxe5+ 39. Kxe5 a5 40. axb4 cxb4 41. d6 Bg4 42. d7 Nd8 43. Rxa5 Nc6+ 44. Kd6 Nxa5 45. d8=Q Nb7+ 46. Ke5 Nxd8 47.
Rxd8 h5 48. Rd4 Kh6 49. Kf6 Bd1 50. Rxb4 1-0

[Event "Early-Titled-Tuesday-Blitz-December-26-2023"]
[Site "Chess.com"]
[Date "2023.12.26"]
[Round "7"]
[White "alvarorodriguezavila"]
[Black "Schachmalanders"]
[Result "1-0"]
[WhiteElo "2304"]
[BlackElo "2380"]
[TimeControl "180+1"]
[EndTime "9:17:08 PST"]
[Termination "alvarorodriguezavila won by resignation"]

1. b3 a5 2. Bb2 a4 3. e3 e6 4. Nf3 a3 5. Bc1 Nf6 6. c4 d5 7.
d4 Ne4 8. Nbd2 Bb4 9. Bd3 O-O 10.
O-O f5 11. Ne5 c6 12. f3 Nxd2 13. Bxd2 Bxd2 14. Qxd2 Nd7 15. f4 Nf6 16. c5 Bd7 17. b4 Be8 18. Rab1 Ne4 19. Bxe4 fxe4 20. Rb3 b5 21. Qc3 g5 22. fxg5 Rxf1+ 23. Kxf1 Qxg5 24. Rxa3 Rc8 25. Qe1 Bh5 26. Qg3 Qxg3 27. hxg3 Rc7 28.
Ra8+ Kg7 29. Rd8 Kf6 30. Rd7 Rxd7 31. Nxd7+ Ke7 32. Ne5 Be8 33. Kf2 Kf6 34. g4 Kg5 35.
Kg3 Kf6 36. Kf4 h6 37. g3 Kg7 38. g5 h5 39. g6 Kf6 40. g7 Kxg7 41. Kg5 Kg8 42. Ng6 Bf7 43. Ne7+ Kg7 44. Nxc6 Be8 45. Ne5 Kf8 46. Kf6 Kg8 47. Ke7 1-0

[Event "Early-Titled-Tuesday-Blitz-December-26-2023"]
[Site "Chess.com"]
[Date "2023.12.26"]
[Round "7"]
[White "KVAIDAN"]
[Black "hsmile"]
[Result "1-0"]
[WhiteElo "2350"]
[BlackElo "2093"]
[TimeControl "180+1"]
[EndTime "9:17:08 PST"]
[Termination "KVAIDAN won on time"]

1. f4 Nf6 2. Nf3 d6 3. d3 Nbd7 4. e4 e5 5. Be2 Be7 6. O-O O-O 7. Nc3 c6 8. f5 d5 9. Qe1 dxe4 10. dxe4 Qc7 11.
Be3 Bd6 12. Rd1 Bc5 13. Bc4 Qb6 14. Bf2 Bxf2+ 15. Qxf2 h6 16. Bb3 Re8 17. Na4 Qxf2+ 18. Rxf2 b5 19. Nc3 Nc5 20. Rd6 Ncxe4 21. Rxc6 Nxf2 22.
Kxf2 a6 23. Rc7 Rf8 24. Nxe5 Bxf5 25. Nxf7 Kh7 26. Kg1 b4 27. Ne2 Ne4 28. Nd4 Bg6 29. Ne5 Rae8 30. Nxg6 Kxg6 31. h3 Ng3 32. Ne6 Nf5 33.
Nxf8+ Rxf8 34. Rc4 a5 35. Rc5 Ne3 36. Rxa5 h5 37.
Ra6+ Kg5 38. Rb6 h4 39. Rxb4 Rf1+ 40. Kh2 Rf2 41. Rb5+ Kf4 42. Bd5 1-0

[Event "Early-Titled-Tuesday-Blitz-December-26-2023"]
[Site "Chess.com"]
[Date "2023.12.26"]
[Round "7"]
[White "R2D2PTY"]
[Black "Giantgoogachess"]
[Result "0-1"]
[WhiteElo "2259"]
[BlackElo "2387"]
[TimeControl "180+1"]
[EndTime "9:17:09 PST"]
[Termination "Giantgoogachess won on time"]

1. e4 c5 2. Nc3 e6 3. d4 cxd4 4.
Qxd4 Nc6 5. Qe3 a6 6. Qg3 b5 7.
Bd3 Bb7 8. Nf3 Nf6 9. e5 Nh5 10.
Qh3 g6 11. g4 Ng7 12. Ne4 Be7 13. Bh6 Rg8 14. O-O-O Qa5 15. Kb1 O-O-O 16. Nf6 Bxf6 17. exf6 Ne8 18. Bd2 Qc7 19. g5 Rh8 20. c4 b4 21.
Be3 d6 22. Rhe1 Kb8 23. Be4 a5 24. Nd2 Ne5 25. Bxb7 Qxb7 26. Bf4 Nc7 27. Bxe5 dxe5 28. Rxe5 Qb6 29. c5 Qc6 30. Qe3 Rd7 31. Rc1 Rhd8 32. Nc4 Qa6 33. Nb6 Rd3 34. Qe4 Rd2 35. Nc4 Rxf2 36. Nd6 Nd5 37. Qd4 Re2 38. c6 Rxe5 39. c7+ Nxc7 40. Qxe5 Rxd6 41. Qc5 Qb6 42. Qc4 Kb7 43.
Qe4+ Rc6 44. a3 Nd5 45. Rd1 bxa3 0-1

[Event "Early-Titled-Tuesday-Blitz-December-26-2023"]
[Site "Chess.com"]
[Date "2023.12.26"]
[Round "7"]
[White "Jospem"]
[Black "GeorgMeier"]
[Result "1-0"]
[WhiteElo "3075"]
[BlackElo "3038"]
[TimeControl "180+1"]
[EndTime "9:17:10 PST"]
[Termination "Jospem won on time"]

1. e4 e6 2. d4 d5 3. Nd2 dxe4 4.
Nxe4 Nd7 5. Nf3 Ngf6 6. Nxf6+ Nxf6 7. Bd3 c5 8. dxc5 Bxc5 9. Qe2 O-O 10. Bd2 e5 11. O-O-O e4 12. Bxe4 Qe7 13. Bd3 Qxe2 14.
Bxe2 Bxf2 15. Rhf1 Bc5 16. Bc4 a6 17. Bb3 Ne4 18.
Bf4 Be6 19. Rfe1 Bxb3 20. axb3 f5 21. c3 Rad8 22. Kc2 g6 23. b4 Bb6 24. h4 Rxd1 25.
Rxd1 Rd8 26. Re1 Kf7 27. g4 Re8 28. gxf5 gxf5 29. Ne5+ Ke6 30. Nd3 Kd5 31. Re2 Rg8 32.
Bh2 Bd8 33. Nf4+ Kc6 34. Ne6 Be7 35. Nd4+ 1-0

[Event "Early-Titled-Tuesday-Blitz-December-26-2023"]
[Site "Chess.com"]
[Date "2023.12.26"]
[Round "7"]
[White "RebecaJimnz"]
[Black "a-z30"]
[Result "0-1"]
[WhiteElo "2271"]
[BlackElo "2496"]
[TimeControl "180+1"]
[EndTime "9:17:12 PST"]
[Termination "a-z30 won by resignation"]

1. e4 d6 2. d4 Nf6 3. Nc3 g6 4.
Bf4 Bg7 5. Qd2 O-O 6. O-O-O Nc6 7. Bh6 e5 8. d5 Nd4 9. h4 Bxh6 10. Qxh6 Ng4 11.
Qd2 f5 12. f3 Nf6 13. Qg5 Nh5 14. Qxd8 Rxd8 15. exf5 Ng3 16. Rh3 Nxf1 17. Rxf1 Bxf5 18. g4 Bxc2 19. Rf2 Bd3 20. h5 Kg7 21. Rfh2 g5 22. h6+ Kf6 23. Ne4+ Bxe4 24. fxe4 Kg6 25. Nf3 Nxf3 26. Rxf3 Rf8 27. Rhf2 Rf4 28. Rxf4 gxf4 29. Rh2 Rf8 30. Rc2 Rf7 31. Kd1 Kxh6 32. Ke2 f3+ 33. Kf2 Kg5 34. Kg3 f2 35. Rxf2 Rxf2 36. Kxf2 Kxg4 0-1

[Event "Early-Titled-Tuesday-Blitz-December-26-2023"]
[Site "Chess.com"]
[Date "2023.12.26"]
[Round "7"]
[White "Szparu"]
[Black "Alexchess1984"]
[Result "1-0"]
[WhiteElo "2882"]
[BlackElo "2724"]
[TimeControl "180+1"]
[EndTime "9:17:14 PST"]
[Termination "Szparu won by resignation"]

1. e4 c5 2. c3 Nf6 3. e5 Nd5 4. d4 cxd4 5. Nf3 Nc6 6. Bc4 Nb6 7. Bb3 d5 8. cxd4 Bg4 9. Be3 e6 10. Nbd2 Rc8 11. O-O Be7 12. a3 O-O 13. Bc2 Na5 14.
h3 Bh5 15. Qb1 Bg6 16. Bxg6 hxg6 17. g3 Nbc4 18. Kg2 Nxe3+ 19. fxe3 Nc4 20. Nxc4 Rxc4 21.
Rf2 Qc7 22. Qd3 Rc8 23. Raf1 Rc2 24. Nd2 Rf8 25. e4 Rxb2 26. exd5 exd5 27. e6 f5 28. Nf3 Rxf2+ 29. Rxf2 Bf6 30. g4 Qf4 31. Ne5 Qe4+ 32. Qxe4 dxe4 33. Nxg6 fxg4 34. Nxf8 gxh3+ 35. Kxh3 Kxf8 36. d5 Ke7 37. Kg4 Kd6 38. Kf5 e3 39.
Re2 Kxd5 40. Rxe3 Be7 41. Rd3+ Kc6 42. Kg6 b5 43. Kxg7 a5 44. Kf7 Bc5 45. Rc3 1-0

[Event "Early-Titled-Tuesday-Blitz-December-26-2023"]
[Site "Chess.com"]
[Date "2023.12.26"]
[Round "7"]
[White "egnfanclub"]
[Black "mariofs"]
[Result "0-1"]
[WhiteElo "2340"]
[BlackElo "2227"]
[TimeControl "180+1"]
[EndTime "9:17:14 PST"]
[Termination "mariofs won on time"]

1. e4 c5 2. Nc3 Nc6 3. f4 g6 4. Nf3 Bg7 5. Bc4 e6 6. f5 Nge7 7. fxe6 fxe6 8. d3 d5 9. Bb3 O-O 10. O-O b5 11. Nxb5 Qb6 12. c4 d4 13. Qe1 a6 14. Na3 Nb4 15. Qh4 e5 16. Bh6 g5 17.
Bxg5 Ng6 18. Qg3 Nxd3 19. Nh4 Nxh4 20. Rxf8+ Kxf8 21. Qxd3 Ng6 22. Rf1+ Kg8 23. Nb1 a5 24. Ba4 Be6 25. b3 Qd6 26. Qg3 Rf8 27. Rxf8+ Qxf8 28. Nd2 Nf4 29. Qf3 h6 30. Bh4 Qf7 31. g3 Ng6 32.
Bd8 Qa7 0-1

[Event "Early-Titled-Tuesday-Blitz-December-26-2023"]
[Site "Chess.com"]
[Date "2023.12.26"]
[Round "7"]
[White "bazar-wokzal"]
[Black "MetiForce"]
[Result "0-1"]
[WhiteElo "2644"]
[BlackElo "2873"]
[TimeControl "180+1"]
[EndTime "9:17:16 PST"]
[Termination "MetiForce won on time"]

1. e4 e6 2. d4 d5 3. e5 c5 4. c3 Nc6 5. Nf3 f6 6. Bd3 Bd7 7. O-O fxe5 8. dxe5 Qc7 9. Re1 O-O-O 10. a3 Be7 11. b4 g5 12. b5 Na5 13. Bxg5 Rf8 14.
Be3 h5 15. a4 Nh6 16. Bxh6 Rxh6 17. Nbd2 h4 18. h3 Be8 19. Nh2 Bh5 20. Ng4 Rhh8 21.
c4 Rf4 22. Rc1 Rhf8 23. f3 Rd4 24. Qe2 Bg5 25. Rc2 Bxg4 26. hxg4 Rd8 27. Nf1 Bf4 28.
cxd5 R8xd5 29. Be4 Rxe5 30. Ne3 c4 31. Rc3 Rc5 32. Rd1 Nb3 33. Rxd4 Nxd4 34. Qd1 Be5 35. Rc1 c3 36. Nc2 Nb3 37. Rb1 Nd2 38. Rb4 h3 39. Qe2 h2+ 40. Kh1 Bg3 41. a5 Qxa5 0-1

[Event "Early-Titled-Tuesday-Blitz-December-26-2023"]
[Site "Chess.com"]
[Date "2023.12.26"]
[Round "7"]
[White "wild3000"]
[Black "MANOJ_MISHRA123"]
[Result "1-0"]
[WhiteElo "2415"]
[BlackElo "2288"]
[TimeControl "180+1"]
[EndTime "9:17:16 PST"]
[Termination "wild3000 won on time"]

1. d4 Nf6 2. c4 g6 3. Nc3 Bg7 4. e4 d6 5. Nf3 O-O 6. Be2 e5 7. d5 Nbd7 8. O-O Nc5 9. Nd2 a5 10. b3 Bh6 11. Qc2 Bd7 12. Re1 Ng4 13. h3 Nxf2 14. Kxf2 Qh4+ 15. g3 Qxh3 16. Nf3 Bxc1 17.
Qxc1 f5 18. Rh1 Qg4 19. Qh6 Rf7 20. Rh4 fxe4 21. Rxg4 Bxg4 22. Nxe4 Nxe4+ 23. Ke3 Nxg3 24. Qg5 Rf4 25. Nxe5 dxe5 26. Bxg4 Raf8 27. Qxe5 Nf1+ 28. Rxf1 Rxf1 29. Be6+ R8f7 30. Bxf7+ Rxf7 31. c5 Kf8 32.
Qh8+ Ke7 33. Ke4 h5 34. a3 b6 35. b4 axb4 36. axb4 g5 37. Qxh5 Rf4+ 38. Ke5 Rxb4 39. Qxg5+ 1-0

[Event "Early-Titled-Tuesday-Blitz-December-26-2023"]
[Site "Chess.com"]
[Date "2023.12.26"]
[Round "7"]
[White "TitarovVasiliYouTube"]
[Black "suyu28"]
[Result "0-1"]
[WhiteElo "2554"]
[BlackElo "2792"]
[TimeControl "180+1"]
[EndTime "9:17:18 PST"]
[Termination "suyu28 won on time"]

1. e4 e5 2. Nf3 Nc6 3. Bb5 a6 4. Ba4 Nf6 5. O-O Be7 6. d3 b5 7. Bb3 d6 8. a3 O-O 9. Nc3 Bg4 10. Be3 Nd4 11. Bxd4 exd4 12. Nd5 Nd7 13. h3 Bxf3 14. Qxf3 Nc5 15. Ba2 Kh8 16. Qg3 c6 17. Nxe7 Qxe7 18.
f4 Rab8 19. f5 Qf6 20. Qf4 b4 21. Bc4 bxa3 22. b3 a5 23. Rxa3 a4 24. bxa4 Rb2 25.
a5 Ra8 26. a6 h5 27. Rfa1 Rxc2 28. Rb1 g5 29. Qf3 g4 30. hxg4 Kh7 31. a7 Qg5 32. gxh5 Rg8 33. g3 Qh4 34. a8=Q Rxg3+ 0-1

[Event "Early-Titled-Tuesday-Blitz-December-26-2023"]
[Site "Chess.com"]
[Date "2023.12.26"]
[Round "7"]
[White "AsaHoffmann"]
[Black "Shuvalov"]
[Result "1-0"]
[WhiteElo "2336"]
[BlackElo "2513"]
[TimeControl "180+1"]
[EndTime "9:17:18 PST"]
[Termination "AsaHoffmann won by resignation"]

1. d4 d6 2. e4 c6 3. Nc3 Nd7 4.
f4 g5 5. fxg5 h6 6. Nf3 hxg5 7.
Bxg5 Ngf6 8. Qd2 Ng4 9. h3 Qb6 10. O-O-O Bg7 11. Bc4 Ngf6 12. e5 dxe5 13. dxe5 Nh5 14. g4 Ng3 15. Rhe1 Rxh3 16. Qf4 e6 17. Bh4 Qf2 18. Rd2 Ne2+ 19. Rdxe2 Qxf3 20. Qg5 Rxh4 21. Qxh4 Nxe5 22. Bb3 Bd7 23. Qh7 Qf4+ 24. Kb1 Qg5 25. Qg8+ Ke7 26. Qxa8 Nf3 27. Rd1 Nd4 28. Red2 e5 29.
Qxb7 Qxg4 30. Na4 Kd6 31. c3 Bf5+ 32. Ka1 Bh6 33. cxd4 Bxd2 34. dxe5+ Kxe5 35. Qc7+ Kf6 36. Rxd2 Qg1+ 37. Rd1 Qe3 38. Qd6+ Kg7 39. Qd4+ Qxd4 40.
Rxd4 1-0